 Dungeon Crawl Stone Soup version 0.23.2 (webtiles) character file.

Game seed: 9213260178924852322

51 Taiwuri the Cudgeler (level 3, 0/24 HPs)
             Began as a Gargoyle Berserker on Apr 4, 2019.
             Slain by Sigmund
             ... wielding a +0 scythe
              (2 damage)
             ... on level 2 of the Dungeon.
             The game lasted 00:11:42 (972 turns).

Taiwuri the Cudgeler (Gargoyle Berserker)            Turns: 972, Time: 00:11:43

Health: 0/24       AC:  9    Str: 21    XL:     3   Next: 83%
Magic:  3/3        EV: 10    Int:  7    God:
Gold:   50         SH:  0    Dex:  9    Spells: 1/2 levels left

rFire    . . .     SeeInvis .   a - +0 mace
rCold    . . .     Gourm    .   (no shield)
rNeg     + . .     Faith    .   g - +0 scale mail
rPois    ∞         Spirit   .   (no helmet)
rElec    +         Reflect  .   (no cloak)
rCorr    .         Harm     .   (no gloves)
MR       .....                  (no boots)
Stlth    ..........             (no amulet)
HPRegen  0.08/turn              (no ring)
MPRegen  0.08/turn              (no ring)

@: no status effects
A: negative energy resistance 1, electricity resistance, unbreathing,
petrification resistance, rot immunity, AC +3
a: no special abilities


You were on level 2 of the Dungeon.
You were hungry.

You visited 1 branch of the dungeon, and saw 2 of its levels.

You collected 50 gold pieces.

Inventory:

Hand Weapons
 a - a +0 mace (weapon)
Armour
 b - a +0 animal skin
 g - a +0 scale mail (worn)
Potions
 e - 2 potions of curing {unknown}
Comestibles
 c - 3 rations


   Skills:
 - Level 3.6 Fighting
 + Level 4.1 Maces & Flails
 + Level 2.2 Armour
 + Level 2.0 Dodging


You had one spell level left.
You knew the following spells:

 Your Spells              Type           Power        Failure   Level  Hunger
a - Beastly Appendage     Tmut           #.....       78%         1    ##.....

Your spell library contained the following spells:

 Spells                   Type           Power        Failure   Level  Hunger
 Sticks to Snakes         Tmut           #.......     89%         2    ###....
 Spider Form              Tmut/Pois      #.........   98%         3    ####...
 Ice Form                 Ice/Tmut       #.......     100%        4    #####..
 Blade Hands              Tmut           #.........   100%        5    ######.


Dungeon Overview and Level Annotations

Branches:
Dungeon (2/15)

Altars:

Annotations:
D:2 Sigmund


Innate Abilities, Weirdness & Mutations

You are resistant to torment.
Your stone body is resilient. (AC +3)
You are immune to poison.
You resist negative energy. (rN+)
You are resistant to electric shocks. (rElec)
You can survive without breathing.
You are immune to petrification.
You are immune to rotting.


Message History

* * * LOW HITPOINT WARNING * * *
You barely miss Sigmund.
Sigmund is severely wounded.
Sigmund closely misses you.
You barely miss Sigmund.
Sigmund is severely wounded.
Sigmund hits you with a +0 scythe.
* * * LOW HITPOINT WARNING * * *
You barely miss Sigmund.
Sigmund is heavily wounded.
Sigmund hits you but does no damage.
You hit Sigmund.
Sigmund is severely wounded.
You hit Sigmund.
Sigmund is almost dead.
Sigmund hits you but does no damage.
You barely miss Sigmund.
Sigmund is almost dead.
Sigmund hits you with a +0 scythe.
You die...

#.# #.# #.#######
#.#.....## ##
#........#
##.##.#.# #..#
##.#.#.#.###..####
#.#..............#
#..)#.#.###..##@#
###(#....# #..##@#
.........# #..##.#
#####.........#...
##.#####...... !#
#.# #.##..##. #.#
... #.# #.##..##.
#.# #.# '# #.....
#.# ... # ##. #.#
#.#


You could see Sigmund.

Vanquished Creatures
  An adder (D:2)
  2 worms (D:2)
  3 leopard geckos
  4 bats (D:1)
  2 giant cockroaches (D:1)
  4 goblins
  8 hobgoblins
  2 jackals (D:2)
  A ball python (D:1)
  A kobold (D:1)
  3 rats
31 creatures vanquished.

Vanquished Creatures (others)
  4 toadstools (D:1)
4 creatures vanquished.

Grand Total: 35 creatures vanquished

Notes
Turn   | Place    | Note
-------+----------+-------------------------------------------
     0 | D:1      | Taiwuri the Gargoyle Berserker began the quest for the Orb.
     0 | D:1      | Reached XP level 1. HP: 14/14 MP: 1/1
    77 | D:1      | Reached XP level 2. HP: 10/19 MP: 2/2
   413 | D:1      | Reached XP level 3. HP: 23/24 MP: 3/3
   846 | D:2      | Reached ** piety under Trog
   846 | D:2      | Reached skill level 4 in Maces & Flails
   879 | D:2      | Was placed under penance by Trog
   881 | D:2      | Learned a level 1 spell: Beastly Appendage
   935 | D:2      | Fell from the grace of Trog
   955 | D:2      | Noticed Sigmund
   972 | D:2      | Slain by Sigmund

Skill      XL: |  1  2  3 |
---------------+----------+-----
Dodging        | 2 |  2.0
Maces & Flails | 4 |  4.1
Fighting       | |  3.6
Armour         | |  2.2

Action                   || total
-------------------------++-------
Melee: Mace              ||   146
       Unarmed           ||     4
Invok: Renounce Religion ||     1
  Use: Scroll            ||     4
Armor: Animal skin       ||    41
       Scale mail        ||    14
Dodge: Dodged            ||   113
